 Dungeon Crawl Stone Soup version 0.19.1 (console) character file.

112 Jesseh the Conjurer (level 4, -4/24 HPs)
             Began as a Deep Elf Conjurer on Nov 29, 2016.
             Slain by an ogre
             ... wielding a +0 giant club
              (22 damage)
             ... on level 4 of the Dungeon.
             The game lasted 00:10:07 (2431 turns).

Jesseh the Conjurer (Deep Elf Conjurer)             Turns: 2431, Time: 00:10:08

Health: -4/24      AC:  2    Str:  6    XL:     4   Next: 63%
Magic:  6/10       EV: 13    Int: 20    God:
Gold:   224        SH:  0    Dex: 15    Spells: 1 memorised, 8 levels left

rFire  + . .     SeeInvis .     d - +0 dagger
rCold  . . .     Gourm    .     a - +0 robe
rNeg   . . .     Faith    .     (no shield)
rPois  .         Spirit   .     (no helmet)
rElec  .         Reflect  .     (no cloak)
rCorr  .         Harm     .     (no gloves)
MR     .....                    (no boots)
Stlth  ++........               (no amulet)
                                (no ring)
                                o - ring of protection from fire

@: no status effects
A: no striking features
a: no special abilities


You were on level 4 of the Dungeon.
You were not hungry.

You visited 1 branch of the dungeon, and saw 4 of its levels.

You collected 224 gold pieces.

Inventory:

Hand Weapons
 d - a +0 dagger (weapon)
   (You took it off a goblin on level 1 of the Dungeon)
 h - a +2 antimagic whip
   (You took it off a kobold on level 2 of the Dungeon)
Missiles
 p - 2 needles of confusion
Armour
 a - a +0 robe (worn)
Jewellery
 o - a ring of protection from fire (left hand)
   (You found it on level 2 of the Dungeon)
Scrolls
 f - a scroll of recharging {unknown}
 g - 2 scrolls of enchant armour {unknown}
 m - 2 scrolls of identify {unknown}
 s - a scroll of amnesia {unknown}
Potions
 e - 2 potions of brilliance {unknown}
 j - 2 potions of might {unknown}
 k - a potion of ambrosia {unknown}
 l - a potion of agility {unknown}
 n - 2 potions of resistance {unknown}
 q - 3 potions of curing {unknown}
 r - a potion of berserk rage {unknown}
 t - a potion of mutation {unknown}
 v - a potion of heal wounds {unknown}
Books
 b - a book of Conjurations
Comestibles
 c - 6 bread rations
 i - 2 beef jerkies
 u - 2 chunks of flesh


   Skills:
 - Level 2.4 Dodging
 - Level 2.4 Stealth
 - Level 3.0 Spellcasting
 * Level 6.7 Conjurations


You had 8 spell levels left.
You knew the following spells:

 Your Spells              Type           Power        Failure   Level  Hunger
a - Magic Dart            Conj           ####         1%          1    None


Dungeon Overview and Level Annotations

Branches:
Dungeon (4/15)
 Temple: D:4-7

Altars:


Message History

The giant cockroach bites the plant.
Aim: a kobold, wielding a short sword Your line of fire to the kobold is blocked by a plant.
Continue anyway? [Y]es or [N]o only, please.
Your line of fire to the kobold is blocked by a plant.
Continue anyway?
Okay, then.
The kobold barely misses you.
Aim: a kobold, wielding a short sword The magic dart hits the kobold.
You kill the kobold!
Things that are here:
a short sword; 3 stones You can't see any susceptible monsters within range! (Use Z to cast anyway.) Unknown command.
Aim: a giant cockroach The magic dart hits the giant cockroach.
You kill the giant cockroach!
You see here a giant cockroach corpse.
You butcher the giant cockroach corpse.
u - 2 chunks of flesh You now have 224 gold pieces (gained 12).
A frilled lizard comes into view.
You can't see any susceptible monsters within range! (Use Z to cast anyway.) Number of times to repeat, then command key: You must enter the number of times for the command to repeat.
Sorry, you're not good enough to have a special ability.
You can't see any susceptible monsters within range! (Use Z to cast anyway.)
A goblin comes into view. It is wielding a club.
You can't see any susceptible monsters within range! (Use Z to cast anyway.)
Aim: a frilled lizard (resting)
Okay, then.
Aim: a frilled lizard (resting)
The magic dart hits the frilled lizard.
You kill the frilled lizard!
Aim: a goblin, wielding a club (resting)
Okay, then.
The goblin shouts!
Aim: a goblin, wielding a club The magic dart hits the goblin.
Aim: a goblin, wielding a club (moderately wounded)
The magic dart hits the goblin.
You kill the goblin!
You see here a club.
A leather armour.
The floor.
Eating one of 2 chunks of flesh.
You start eating one of the 2 chunks of flesh.
You are feeling hungry.
v - a smoky blue potion You see here a stone.
You see here a stone.
A giant cockroach comes into view.
Aim: a giant cockroach (resting)
The magic dart hits the giant cockroach.
Aim: a giant cockroach (almost dead)
The magic dart hits the giant cockroach.
You kill the giant cockroach!
A kobold comes into view.
Aim: a kobold The magic dart hits the kobold.
You kill the kobold!
You see here a giant cockroach corpse.
You butcher the giant cockroach corpse.
u - 3 chunks of flesh (gained 2)
An adder comes into view.
Aim: an adder (hasn't noticed you)
The magic dart hits the adder.
The adder hisses angrily.
Aim: an adder (heavily wounded)
The magic dart hits the adder.
The adder barely misses you.
Aim: an adder (severely wounded)
The magic dart hits the adder.
The adder closely misses you.
Aim: an adder (almost dead)
The magic dart hits the adder.
You kill the adder!
m - 2 scrolls labeled ISIYTTUFRE (gained 1) Some of the chunks of flesh in your inventory have rotted away.
Done exploring.
There is a stone staircase leading down here.
You climb downwards.
An ogre comes into view. It is wielding a giant club.
The ogre shouts!
There is a stone staircase leading up here.
Aim: an ogre, wielding a giant club The magic dart hits the ogre.
The ogre closely misses you.
Aim: an ogre, wielding a giant club (lightly wounded)
The magic dart hits the ogre.
Aim: an ogre, wielding a giant club (moderately wounded)
The magic dart hits the ogre.
The ogre barely misses you.
Aim: an ogre, wielding a giant club (moderately wounded)
The magic dart hits the ogre.
The ogre hits you with a giant club!
Aim: an ogre, wielding a giant club (severely wounded)
The magic dart hits the ogre.
The ogre barely misses you.
Aim: an ogre, wielding a giant club (severely wounded)
The magic dart hits the ogre.
You see here a hand axe.
There is a stone staircase leading up, spattered with blood here.
The ogre hits you with a giant club!!
Ouch! That really hurt!
You die...

▒▒▒▒▒ ▒▒▒...▒▒▒.▒▒▒
▒...▒).......
▒▒▒▒▒▒▒▒▒▒.▒...▒▒▒▒▒▒▒
.......e▒▒.▒▒.▒▒
........O..▒▒.▒
▒▒.▒▒▒▒.▒▒▒▒▒.▒ ▒.▒
▒.▒ ▒.▒ ▒.▒ ▒.▒ ▒.▒
▒.▒ ▒.▒ ▒.▒ .▒


You could see an ogre.

Vanquished Creatures
  5 adders
  An ooze (D:2)
  2 worms
  A dart slug (D:2)
  2 leopard geckos (D:3)
  A ball python (D:1)
  3 giant cockroaches
  8 goblins
  6 hobgoblins
  8 bats
  7 frilled lizards
  7 kobolds
  5 rats
56 creatures vanquished.

Notes
Turn   | Place    | Note
-------+----------+-------------------------------------------
     0 | D:1      | Jesseh the Deep Elf Conjurer began the quest for the Orb.
     0 | D:1      | Reached XP level 1. HP: 10/10 MP: 6/6
   228 | D:1      | Reached XP level 2. HP: 15/15 MP: 5/8
   359 | D:1      | Reached skill level 5 in Conjurations
  1035 | D:2      | Reached XP level 3. HP: 19/19 MP: 5/9
  1418 | D:2      | Reached skill level 6 in Conjurations
  1703 | D:3      | Reached XP level 4. HP: 24/24 MP: 7/10
  1880 | D:3      | Found a faded altar of an unknown god.
  2408 | D:4      | Noticed an ogre
  2431 | D:4      | Slain by an ogre

Skill      XL: |  1  2  3 |
---------------+----------+-----
Conjurations   | 5 6 |  6.7
Dodging        | |  2.4
Stealth        | |  2.4
Spellcasting   | |  3.0

Action                   |  1- 3 |  4- 6 || total
-------------------------+-------+-------++-------
Melee: Dagger            |    12 |       ||    12
 Cast: Magic Dart        |    78 |    37 ||   115
 Stab: Sleeping          |     1 |       ||     1
  Eat: Chunk             |     2 |     2 ||     4
Armor: Robe              |     8 |       ||     8
Dodge: Dodged            |    10 |     9 ||    19

Vault maps used:
D:1:      evilmike_arrival_plus
D:2:      minmay_misc_feat_alley
D:3:      ecumenical_altar_1, serial_park_tiny_2, kennysheep_boxes
D:4:      lemuel_crystal_altar, bh_chokoban, doesnt_xom_only_xom

Table legend:
 A = Turns spent in this place as a percentage of turns spent in the entire game.
 B = Non-inter-level travel turns spent in this place as a percentage of non-inter-level travel turns spent in the entire game.
 C = Inter-level travel turns spent in this place as a percentage of turns spent in this place.
 D = Turns resting spent in this place as a percentage of non-inter-level travel turns spent in this place.
 E = Turns spent auto-exploring this place as a percentage of non-inter-level travel turns spent in this place.
 F = Non-inter-level travel turns spent in this place divided by the number of levels of this place that you've seen.
                   A       B       C       D       E      F
               +-------+-------+-------+-------+-------+----------------------
         Total | 100.0 | 100.0 |   0.6 |   2.9 |  12.9 | 131.5
       Dungeon | 100.0 | 100.0 |   0.6 |   2.9 |  12.9 | 131.5
               +-------+-------+-------+-------+-------+----------------------

Table legend:
 A = Kills in this place as a percentage of kills in entire the game.
 B = Kills by you in this place as a percentage of kills by you in the entire game.
 C = Kills by friends in this place as a percentage of kills by friends in the entire game.
 D = Other kills in this place as a percentage of other kills in the entire game.
 E = Experience gained in this place as a percentage of experience gained in the entire game.
 F = Experience gained in this place divided by the number of levels of this place that you have seen.
                   A       B       C       D       E      F
               +-------+-------+-------+-------+-------+----------------------
         Total | 100.0 | 100.0 |  -nan |  -nan | 100.0 |  40.0
       Dungeon | 100.0 | 100.0 |  -nan |  -nan | 100.0 |  40.0
               +-------+-------+-------+-------+-------+----------------------
